 Dungeon Crawl Stone Soup version 0.32-a0-126-g9fbf7fb75a (webtiles) character file.

Game seed: 7894158635472135655

20114 Nattfarinn the Thaumaturge (level 12, -2/122 HPs)
             Began as an Oni Necromancer on Feb 7, 2024.
             Was a Priest of Hepliaklqana.
             Killed from afar by a gargoyle (21 damage)
             ... with a stone arrow
             ... on level 11 of the Dungeon on Feb 8, 2024.
             The game lasted 00:29:34 (15778 turns).

Nattfarinn the Thaumaturge (Oni Necromancer)       Turns: 15778, Time: 00:29:35

Health: -2/122     AC:  7    Str: 15    XL:     12   Next: 76%
Magic:  30/30      EV: 10    Int: 20    God:    Hepliaklqana [***...]
Gold:   141        SH:  0    Dex: 16    Spells: 36/40 levels left

rFire   . . .        g - +4 flail of Conflict {drain, rPois Dex+7}
rCold   . . .        v - orb {*channel}
rNeg    . . .        t - +0 steam dragon scales
rPois   +            (helmet restricted)
rElec   .            m - +0 cloak
rCorr   .            (gloves unavailable)
SInv    .            (boots unavailable)
Will    +....        (no amulet)
Stlth   ++           (no ring)
HPRegen 0.40/turn    (no ring)
MPRegen 0.22/turn

%: channel magic (20%)
@: no status effects
A: reduced essence, large, unfitting armour, horns 1, tough skin 1, double
potion healing, drunken brawling
a: Renounce Religion, Recall Ancestor, Ancestor Identity, Transference


You were on level 11 of the Dungeon.
You worshipped Hepliaklqana.
Hepliaklqana was most pleased with you.
You visited 2 branches of the dungeon, and saw 12 of its levels.

You collected 441 gold pieces.
You spent 300 gold pieces at shops.

Inventory:

Hand Weapons
 e - a +3 dagger
 g - the +4 flail of Conflict (weapon) {drain, rPois Dex+7}
   (You found it on level 2 of the Dungeon)

   Dex+7:     It affects your dexterity (+7).
   rPois:     It protects you from poison
 D - a +0 demon whip of venom
Missiles
 y - 3 throwing nets
Armour
 a - a +0 robe
 m - a +0 cloak (worn)
 t - +0 steam dragon scales (worn)
 v - an orb of energy (worn)
 C - +0 acid dragon scales
Jewellery
 w - an amulet of magic regeneration
 A - a ring of magical power
 E - a ring of ice
Wands
 j - a wand of iceblast (15)
 n - a wand of flame (16)
 u - a wand of polymorph (21)
Scrolls
 f - 2 scrolls of amnesia
 o - 3 scrolls of enchant weapon
 p - 2 scrolls of identify
 s - 2 scrolls of blinking
 z - 2 scrolls of immolation
Potions
 b - a potion of magic
 c - 3 potions of resistance
 d - a potion of ambrosia
 h - a potion of curing
 i - 3 potions of enlightenment
 k - 2 potions of haste
 l - a potion of cancellation {unknown}
 q - 2 potions of attraction
 r - 3 potions of lignification
 x - a potion of heal wounds {unknown}
 B - a potion of berserk rage {unknown}


   Skills:
 * Level 13.4 Fighting
 + Level 7.3 Maces & Flails
 - Level 1.7 Dodging
 - Level 1.4 Stealth
 - Level 14.5 Spellcasting
 - Level 9.5 Necromancy


You had 36 spell levels left.
You knew the following spells:

 Your Spells              Type           Power      Damage    Failure   Level
a - Necrotise             Necr           100%       1d9       1%          1
b - Vampiric Draining     Necr           51%        2d9       2%          3

Your spell library contained the following spells:

 Spells                   Type           Power      Damage    Failure   Level
 Animate Dead             Necr           51%        N/A       4%          4
 Curse of Agony           Necr           51%        N/A       9%          5
 Call Canine Familiar     Summ           14%        N/A       30%         3
 Inner Flame              Hex/Fire       14%        N/A       30%         3
 Sigil of Binding         Hex            14%        N/A       30%         3
 Dimensional Bullseye     Hex/Tloc       7%         N/A       63%         4
 Flame Wave               Conj/Fire      14%        2d6       63%         4
 Sticky Flame             Fire/Alch      14%        2d5       63%         4


Dungeon Overview and Level Annotations

Branches:
Dungeon (11/15)            Temple (1/1) D:5            Lair (0/5) D:9
    Orc: D:9-12

Altars:
Ashenzari
Cheibriados
Dithmenos
Elyvilon
Fedhas
Gozag
Hepliaklqana
Kikubaaqudgha
Makhleb
Nemelex Xobeh
Okawaru
Qazlal
Ru
Sif Muna
Trog
Uskayaw
Vehumet
Wu Jian
Xom
Yredelemnul
Zin
The Shining One

Shops:
D:4 :   D:9 !

Annotations:
D:7 5 runed translucent doors
D:9 1 runed translucent door, ballabu's ghost, novice DsGl


Innate Abilities, Weirdness & Mutations

Your life essence is reduced to manifest your ancestor. (-10% HP)
You are too large for most types of armour.
You have a pair of small horns on your head.
You have tough skin. (AC +1)
You gain doubled healing and magic from potions.
Whenever you drink a healing potion, you attack all around you.


Message History

The gargoyle hurls a stone arrow at you.
The stone arrow misses you.
Ahmose hits the gargoyle with a +0 flail.
You hit the gargoyle.
The gargoyle is heavily damaged.
The gargoyle closely misses you.
You hit the gargoyle but do no damage.
You headbutt the gargoyle, but do no damage.
The gargoyle is heavily damaged.
The gargoyle hits you with a +0 mace!
Ahmose hits the gargoyle with a +0 flail.
You hit the gargoyle but do no damage.
You headbutt the gargoyle, but do no damage.
The gargoyle is severely damaged.
The gargoyle barely misses you.
Ahmose hits the gargoyle but does no damage.
You barely miss the gargoyle. You headbutt the gargoyle.
The gargoyle is severely damaged.
The gargoyle completely misses you.
You barely miss the gargoyle.
You headbutt the gargoyle, but do no damage.
The gargoyle is severely damaged.
The gargoyle hits you with a +0 mace!
Ahmose barely misses the gargoyle.
You hit the gargoyle.
You headbutt the gargoyle, but do no damage.
The gargoyle is severely damaged.
The gargoyle hits you with a +0 mace!!
* * * LOW HITPOINT WARNING * * *
Ahmose barely misses the gargoyle.
Okay, then.
You hit the gargoyle.
The gargoyle is almost destroyed.
The gargoyle hits you with a +0 mace.
* * * LOW HITPOINT WARNING * * *
You barely miss the gargoyle.
The gargoyle is almost destroyed.
The gargoyle hurls a stone arrow at you.
The stone arrow hits you!!
You die...
Hepliaklqana delivers you to your ancestors.

##...................
#....................
#....................
#...................#
#...................#
#....................
#...................#
#.......###...###..##
#...@R..# #...###..#
#<..9†..###...###..#
#..................
#..................
#..................
#..................
#.....(..........[.
#..................
##.................


You could see the friendly Ahmose the knight and a gargoyle (ally target).

Vanquished Creatures
  Fannar (D:9)
  Harold (D:10)
  Urug (D:11)
  Amaemon (D:9)
  Maurice (D:8)
  A cyclops (D:11)
  A manticore (D:11)
  An orange demon (D:10)
  Jeremiah (D:7)
  2 hornets (D:7)
  2 wyverns
  12 yaks
  A basilisk (D:9)
  2 steam dragons (D:6)
  An acid dragon (D:8)
  A water moccasin (D:6)
  2 black bears (D:5)
  5 orc warriors
  3 ice beasts
  2 centaurs (D:6)
  2 ogres (D:5)
  A kobold brigand (D:8)
  A bullfrog (D:8)
  A gnoll sergeant (D:6)
  3 killer bees (D:9)
  A bombardier beetle (D:4)
  An electric eel (D:10)
  A howler monkey (D:11)
  2 jellies
  3 hounds
  7 orc priests
  Jessica (D:3)
  An iguana (D:4)
  Terence (D:2)
  A gnoll bouda (D:5)
  3 scorpion zombies (D:7)
  8 orc wizards
  7 gnolls
  A howler monkey skeleton (D:7)
  10 adders
  2 shadow imps (D:5)
  2 white imps
  2 ufetubi (D:7)
  3 dart slugs
  A ribbon worm (D:3)
  14 orcs
  8 bats
  4 endoplasms
  4 giant cockroaches
  7 goblins
  10 hobgoblins
  10 quokkas
  7 ball pythons
  4 frilled lizards (D:1)
  15 kobolds
  3 rats
194 creatures vanquished.

Vanquished Creatures (collateral kills)
  Erolcha (D:10)
  An elephant (D:9)
  A manticore (D:11)
  Psyche (D:8)
  A troll (D:11)
  A hornet (D:8)
  A shadow (D:8)
  2 yaks
  A wyvern (D:9)
  A basilisk (D:9)
  A steam dragon (D:10)
  An acid dragon (D:10)
  A sky beast (D:8)
  3 centaurs
  A scorpion (D:5)
  2 howler monkeys (D:11)
  2 electric eels (D:10)
  2 jellies (D:8)
  An orc wizard (D:8)
  An adder (D:3)
  A gnoll (D:5)
  A white imp (D:8)
  2 ufetubi (D:7)
  6 orcs
  A rat (D:3)
37 creatures vanquished.

Vanquished Creatures (others)
  A vampire (D:11)
  4 knights
  4 ancestors
9 creatures vanquished.

Grand Total: 240 creatures vanquished

Notes
Turn   | Place    | Note
-------+----------+-------------------------------------------
     0 | D:1      | Nattfarinn the Oni Necromancer began the quest for the Orb.
     0 | D:1      | Reached XP level 1. HP: 16/16 MP: 3/3
   303 | D:1      | Reached XP level 2. HP: 24/24 MP: 2/5
   340 | D:1      | Reached skill level 3 in Spellcasting
   759 | D:1      | Found a faded altar of an unknown god.
   986 | D:1      | Reached XP level 3. HP: 31/31 MP: 5/8
  1415 | D:2      | Identified the +4 flail of Conflict {drain, rPois Dex+7}
  1454 | D:2      | Noticed Terence
  1459 | D:2      | Killed Terence
  1460 | D:2      | Reached skill level 4 in Spellcasting
  1482 | D:2      | Reached XP level 4. HP: 39/39 MP: 7/10
  1837 | D:2      | Found a snail-covered altar of Cheibriados.
  2396 | D:3      | Noticed Jessica
  2410 | D:3      | Killed Jessica
  2411 | D:3      | Reached XP level 5. HP: 37/45 MP: 8/12
  2454 | D:3      | Found a white marble altar of Elyvilon.
  2521 | D:3      | Reached skill level 5 in Spellcasting
  3091 | D:4      | Found Osips's Vocational Training.
  3185 | D:4      | Reached XP level 6. HP: 53/53 MP: 10/14
  3447 | D:4      | Found an ornate altar of the Wu Jian Council.
  3599 | D:4      | Reached skill level 6 in Spellcasting
  3655 | D:5      | Entered Level 5 of the Dungeon
  3655 | D:5      | Noticed a black bear
  3663 | D:5      | Killed a black bear
  3664 | D:5      | Reached skill level 5 in Necromancy
  3767 | D:5      | Reached XP level 7. HP: 33/59 MP: 13/17
  3887 | D:5      | Reached skill level 7 in Spellcasting
  3993 | D:5      | Reached skill level 8 in Spellcasting
  4210 | D:5      | Found a staircase to the Ecumenical Temple.
  4218 | D:5      | Reached XP level 8. HP: 67/67 MP: 20/20
  4221 | Temple   | Entered the Ecumenical Temple
  4257 | Temple   | Became a worshipper of Hepliaklqana the Forgotten
  4974 | D:6      | Noticed a yak
  4975 | D:6      | Noticed a yak
  4975 | D:6      | Noticed a yak
  4976 | D:6      | Noticed a yak
  5000 | D:6      | Reached skill level 9 in Spellcasting
  5697 | D:6      | Found a shimmering blue altar of Sif Muna.
  6214 | D:5      | Learned a level 3 spell: Vampiric Draining
  6577 | D:6      | Reached skill level 10 in Spellcasting
  6701 | D:6      | Found an iron altar of Okawaru.
  6710 | D:6      | Reached * piety under Hepliaklqana
  6746 | D:6      | Noticed a yak
  6809 | D:6      | Killed a yak
  6810 | D:6      | Reached XP level 9. HP: 45/66 MP: 17/23
  6979 | D:6      | Reached skill level 11 in Spellcasting
  7768 | D:7      | Noticed a hornet
  8163 | D:7      | Noticed Jeremiah
  8177 | D:7      | Killed Jeremiah
  8235 | D:7      | Reached skill level 12 in Spellcasting
  8241 | D:7      | Killed a hornet
  8461 | D:7      | Noticed a hornet
  8473 | D:7      | Killed a hornet
  8474 | D:7      | Reached XP level 10. HP: 56/72 MP: 23/26
  8555 | D:7      | Found a runed translucent door.
  8588 | D:7      | Found a bloodstained altar of Trog.
  8923 | D:7      | Found a runed translucent gate.
  9086 | D:7      | Found a runed translucent gate.
  9086 | D:7      | Found a runed translucent gate.
  9095 | D:7      | Found a runed translucent door.
  9102 | D:7      | Found the +9 staff of Olgreb {rPois∞}
  9216 | D:8      | Reached skill level 13 in Spellcasting
  9360 | D:8      | Reached ** piety under Hepliaklqana
  9361 | D:8      | Remembered your ancestor Ahmose as a knight
  9466 | D:8      | Noticed Psyche
  9477 | D:8      | Killed Psyche
  9761 | D:8      | Found a shimmering altar of Xom.
 10000 | D:8      | Noticed Maurice
 10002 | D:8      | Maurice stole 122 gold
 10003 | D:8      | Maurice stole a +3 dagger
 10004 | D:8      | Maurice stole 48 gold
 10005 | D:8      | Maurice stole 183 gold
 10006 | D:8      | Maurice stole a ring of magical power
 10010 | D:8      | Killed Maurice
 10382 | D:9      | Found Gilius's Distillery.
 10389 | D:9      | Bought a potion of enlightenment for 60 gold pieces
 10389 | D:9      | Bought 2 potions of lignification for 72 gold pieces
 10389 | D:9      | Bought a potion of curing for 36 gold pieces
 10389 | D:9      | Bought a potion of ambrosia for 96 gold pieces
 10389 | D:9      | Bought a potion of attraction for 36 gold pieces
 10483 | D:9      | Found a broken altar of Ashenzari.
 10688 | D:9      | Found a staircase to the Lair.
 10688 | D:9      | Noticed an elephant
 10709 | D:9      | Reached skill level 14 in Spellcasting
 11288 | D:9      | Reached XP level 11. HP: 64/79 MP: 29/29
 11393 | D:9      | Reached *** piety under Hepliaklqana
 11398 | D:9      | Found a runed translucent door.
 11400 | D:9      | Identified the +0 spear "Koisk" {holy, Dex+5}
 11401 | D:9      | Noticed ballabu's ghost (novice DsGl)
 11713 | D:9      | Reached skill level 1 in Fighting
 12583 | D:9      | Reached skill level 1 in Maces & Flails
 12791 | D:10     | Entered Level 10 of the Dungeon
 12875 | D:10     | Reached skill level 10 in Fighting
 12875 | D:10     | Reached skill level 5 in Maces & Flails
 12875 | D:10     | Reached XP level 12. HP: 113/113 MP: 30/30
 13197 | D:10     | Noticed Harold
 13294 | D:10     | Killed Harold
 13572 | D:10     | Noticed Amaemon
 13578 | D:10     | Noticed Erolcha
 13600 | D:9      | Killed Amaemon
 13830 | D:10     | Noticed Fannar
 14378 | D:9      | Killed Fannar
 15174 | D:10     | Killed Erolcha
 15368 | D:11     | Noticed Urug
 15380 | D:11     | Killed Urug
 15778 | D:11     | Killed from afar by a gargoyle

Illustrated notes

Levels and vault maps discovered:
D:1:      nagdon_arrival_double_spiral, layout_loops_corners,
          shapermc_ecumenical_altar_starsandcircs
D:2:      layout_loops_ring, basic_altar, uniq_terence
D:3:      layout_basic, general_overflow_altar, uniq_jessica
D:4:      layout_gridville, lemuel_coloured_pillars_altar,
          nicolae_shop_vocational
D:5:      layout_basic, minmay_temple_entry_purple_smoke
D:6:      layout_loops_ring, mainiacjoe_overflow_alcove_2, okawaru_gym_becter
D:7:      layout_gridville, mainiacjoe_overflow_surrounded_room,
          mainiacjoe_ossuary_entry_find_the_door,
          minmay_guarded_unrand_staff_of_olgreb, uniq_jeremiah
D:8:      layout_gridville, mainiacjoe_overflow_catwalk, uniq_maurice,
          uniq_psyche
D:9:      layout_loops_corners, ashenzari_conservatory_becter,
          david_lair_generic, serial_shops, shop_statue,
          ebering_ghost_funeral_grove
D:10:     layout_rooms, serial_bayou_ford_a, serial_bayou_pond_c, uniq_fannar,
          uniq_erolcha, uniq_harold, uniq_amaemon
D:11:     layout_big_octagon, nicolae_trove_entry_crossroad, uniq_erica,
          uniq_urug
Temple:   bh_familiar_temple

Skill      XL: |  1  2  3  4  5  6  7  8  9 10 11 12 |
---------------+-------------------------------------+-----
Spellcasting   | 3 4 5 6 8 10 12 14 | 14.5
Necromancy     | 4 5 7 8 9 |  9.5
Fighting       | 10 13 | 13.4
Maces & Flails | 5 7 |  7.3
Dodging        | |  1.7
Stealth        | |  1.4

Action                     |  1- 3 |  4- 6 |  7- 9 | 10-12 || total
---------------------------+-------+-------+-------+-------++-------
  Melee: Flail             |     4 |    25 |   103 |   186 ||   318
         Dagger            |     1 |       |       |       ||     1
         Headbutt          |       |     7 |    20 |    52 ||    79
         Punch             |       |     1 |     4 |       ||     5
         Unarmed           |       |       |       |     4 ||     4
   Cast: Necrotise         |    43 |   103 |    91 |    24 ||   261
         Vampiric Draining |       |       |    14 |    76 ||    90
 Invoke: Ancestor Life: Kn |       |       |       |     1 ||     1
         Recall Ancestor   |       |       |       |     4 ||     4
    Use: Scroll            |       |       |     4 |     8 ||    12
         Potion            |       |       |     2 |     3 ||     5
   Stab: Sleeping          |       |       |     3 |     5 ||     8
         Distracted        |       |       |       |     2 ||     2
 Armour: Robe              |     4 |    38 |   133 |       ||   175
         Steam dragon scal |       |       |    33 |   329 ||   362
         Skin              |       |       |       |     4 ||     4
  Dodge: Dodged            |     4 |    24 |   127 |   161 ||   316

Table legend: (Time is in decaauts)
 A = Elapsed time spent in this place.
 B = Non-inter-level travel time spent in this place.
 C = Inter-level travel time spent in this place.
 D = Time resting spent in this place.
 E = Time spent auto-exploring this place.
 F = Levels seen in this place.
 G = Mean time per level.
                   A        B        C        D        E       F      G
               +--------+--------+--------+--------+--------+-----+--------+
         Total |  15896 |  14949 |    947 |   3681 |   8673 |  12 | 1324.7 |
       Dungeon |  15825 |  14948 |    877 |   3681 |   8673 |  11 | 1438.6 |
        Temple |     71 |      1 |     70 |      0 |      0 |   1 |   71.0 |
               +--------+--------+--------+--------+--------+-----+--------+

Top non-repeatable levels by time:
     D:6: 3057 daAuts
     D:9: 3044 daAuts
    D:10: 2003 daAuts
     D:5: 1419 daAuts
     D:1: 1412 daAuts
     D:8: 1329 daAuts
     D:7: 1075 daAuts
     D:3: 883 daAuts
     D:2: 793 daAuts
     D:4: 573 daAuts
    D:11: 233 daAuts
  Temple: 71 daAuts
